 Dungeon Crawl Stone Soup version 0.14-a0-3315-g09e681a (webtiles) character file.

573 4tharraofdagon the Spear-Bearer (level 7, -11/54 HPs)
             Began as a Merfolk Gladiator on Mar 15, 2014.
             Was an Initiate of Makhleb.
             Mangled by an ogre
             ... wielding a +0,+0 giant club
              (18 damage)
             ... on Level 4 of the Dungeon.
             The game lasted 00:04:42 (746 turns).

4tharraofdagon the Spear-Bearer (Merfolk Gladiator)  Turns: 746, Time: 00:04:42

HP -11/54        AC  7     Str 20      XL: 7   Next: 22%
MP   9/9         EV 12     Int  9      God: Makhleb [......]
Gold 51          SH  0     Dex 15      Spells:  0 memorised,  6 levels left

rFire  + . .     SeeInvis .     a - +0 trident
rCold  . . .     Clarity  .     h - +0 ring mail
rNeg   . . .     Conserve .     (no shield)
rPois  .         rCorr    .     c - +0 helmet
rElec  .         rRot     .     (no cloak)
SustAb . .       Spirit   .     (no gloves)
rMut   .         Warding  .     n - +0 pair of boots
Saprov . . .     Stasis   .     r - amulet of rage
MR     .....                    (no ring)
                                m - ring of protection from fire

@: mighty, not resistant to hostile enchantments, very unstealthy
A: change form in water, swift swim
a: Renounce Religion, Evoke Berserk Rage


You were on level 4 of the Dungeon.
You worshipped Makhleb.
Makhleb was noncommittal.
You were not hungry.

You visited 2 branches of the dungeon, and saw 7 of its levels.

You collected 51 gold pieces.

Inventory:

Hand weapons
 a - a +0,+0 trident (weapon)
 d - a +2,+0 bow of velocity
 j - a +0 blowgun
Missiles
 k - 17 poisoned needles
 q - 17 arrows
Armour
 b - a +0 leather armour
 c - a +0 helmet (worn)
 h - a +0 ring mail (worn)
 n - a +0 pair of boots (worn)
Magical devices
 l - a wand of disintegration (9)
Comestibles
 f - 2 bread rations
Scrolls
 e - a scroll of remove curse {unknown}
 g - a scroll of recharging {unknown}
 p - a scroll of identify {unknown}
Jewellery
 m - a ring of protection from fire (left hand)
 r - an amulet of rage (around neck)


   Skills:
 + Level 4.0 Fighting
 * Level 8.0 Polearms
 - Level 2.0 Throwing
 + Level 2.1 Armour
 + Level 5.6 Dodging
 + Level 1.8 Evocations


You had 6 spell levels left.
You didn't know any spells.

Dungeon Overview and Level Annotations

Branches:
Dungeon (6/15)             Temple (1/1) D:4

Altars:
Ashenzari
Cheibriados
Dithmenos
Elyvilon
Fedhas
Kikubaaqudgha
Makhleb
Nemelex Xobeh
Okawaru
Trog
Vehumet
The Shining One

Annotations:
D:4 ciphuk's ghost, average MfIE


Message History

It was a potion of might.
The ogre hits you with a giant club.
* * * LOW HITPOINT WARNING * * *
Unknown command.
Unknown command.
Unknown command.
Drink which item? (? for menu, Esc to quit)
You are confused.
It was a potion of confusion.
The ogre misses you.
Unknown command.
Ouch! You hit the ogre.
The ogre is lightly wounded.
The ogre closely misses you.
Ouch! The ogre closely misses you.
Ouch! You closely miss the ogre.
The ogre is lightly wounded.
You feel less confused. The ogre hits you with a giant club!
You die... # # # # # # # ################################# ................@O..............) #################################

You could see an ogre.

Vanquished Creatures
  The ghost of ciphuk the Arsonist, an experienced DEFE (D:5)
  An ogre (D:4)
  A centaur (D:5)
  An orc priest (D:5)
  A worker ant (D:5)
  An orc wizard (D:5)
  A hound skeleton (D:4)
  A gnoll (D:6)
  A giant mite (D:5)
  A shadow imp (D:6)
  An ooze (D:5)
  4 orcs
  A bat (D:2)
  2 giant cockroaches
  5 kobolds
  A ball python (D:3)
  2 giant newts
  3 rats
29 creatures vanquished.

Notes
Turn   | Place    | Note
--------------------------------------------------------------
     0 | D:1      | 4tharraofdagon, the Merfolk Gladiator, began the quest for the Orb.
     0 | D:1      | Reached XP level 1. HP: 16/16 MP: 1/1
    71 | D:3      | Reached XP level 2. HP: 19/22 MP: 2/2
   179 | D:3      | Noticed a phantom
   224 | D:4      | Reached skill level 5 in Polearms
   230 | D:4      | Reached XP level 3. HP: 15/28 MP: 3/3
   276 | D:4      | Noticed an ogre
   290 | D:4      | Killed an ogre
   290 | D:4      | Reached skill level 6 in Polearms
   290 | D:4      | Reached skill level 1 in Armour
   290 | D:4      | Reached XP level 4. HP: 25/34 MP: 4/4
   314 | D:4      | Reached XP level 5. HP: 31/40 MP: 5/5
   317 | D:4      | Noticed an ogre
   325 | D:5      | Entered Level 5 of the Dungeon
   341 | D:5      | Noticed a centaur
   352 | D:5      | Killed a centaur
   352 | D:5      | Reached skill level 5 in Dodging
   464 | D:5      | Reached skill level 7 in Polearms
   464 | D:5      | Reached XP level 6. HP: 34/47 MP: 6/6
   552 | D:5      | Noticed ciphuk's ghost (experienced DEFE)
   563 | D:5      | Killed ciphuk's ghost
   563 | D:5      | Reached skill level 8 in Polearms
   563 | D:5      | Reached skill level 1 in Evocations
   563 | D:5      | Reached XP level 7. HP: 47/54 MP: 6/8
   596 | D:4      | Found a staircase to the Ecumenical Temple.
   603 | D:4      | Noticed ciphuk's ghost (average MfIE)
   605 | Temple   | Entered the Ecumenical Temple
   630 | Temple   | Became a worshipper of Makhleb the Destroyer
   746 | D:4      | Mangled by an ogre

Action                   |  1- 3 |  4- 6 |  7- 9 || total
-------------------------+-------+-------+-------++-------
Melee: Trident           |    63 |    61 |    15 ||   139
Throw: Throwing net      |     3 |       |       ||     3
 Abil: Evoke Berserk Rag |       |     3 |     1 ||     4
Evoke: Wand              |       |     1 |       ||     1
  Use: Potion            |       |     2 |     2 ||     4
 Stab: Held in net/web   |     2 |       |       ||     2
